[Event "Late-Titled-Tuesday-Blitz-January-16-2024"]
[Site "Chess.com"]
[Date "2024.01.16"]
[Round "4"]
[White "trriinu"]
[Black "sjoerd893"]
[Result "0-1"]
[WhiteElo "2170"]
[BlackElo "2493"]
[TimeControl "180+1"]
[EndTime "14:36:56 PST"]
[Termination "sjoerd893 won on time"]

1. e4 d5 2. exd5 Qxd5 3. Nc3 Qa5 4. Bc4 Nf6 5. d3 e6 6. Nf3 Nbd7 7. O-O a6 8. Qe2 Be7 9. Nd4 Qe5 10. Be3 c5 11. f4 Qc7 12. Nf3 b5 13. Bb3 Bb7 14.
Rae1 O-O 15. Ng5 Nd5 16. Nce4 h6 17. Nh3 Nxe3 18. Qxe3 c4 19. dxc4 bxc4 20. Ba4 Nc5 21. Nc3 Bf6 22. Nf2 Bxc3 23. Qxc3 Nxa4 24. Qg3 Nxb2 25. Ng4 Kh8 26. Re5 f5 27. Ne3 Bd5 28.
Kh1 c3 29. Qh4 Nc4 0-1

[Event "Late-Titled-Tuesday-Blitz-January-16-2024"]
[Site "Chess.com"]
[Date "2024.01.16"]
[Round "4"]
[White "mightysmasher"]
[Black "EddieUrquhart"]
[Result "1-0"]
[WhiteElo "2564"]
[BlackElo "2422"]
[TimeControl "180+1"]
[EndTime "14:36:59 PST"]
[Termination "mightysmasher won by resignation"]

1. e4 c5 2. c3 d5 3. exd5 Qxd5 4. d4 Nc6 5. Nf3 Bg4 6. Nbd2 e6 7. Bc4 Qd8 8. Qb3 Qb6 9. Qxb6 axb6 10. O-O cxd4 11.
Nxd4 Nxd4 12. cxd4 Be7 13. Bb5+ Kf8 14. Nc4 Nf6 15.
Nxb6 Rd8 16. Bg5 Rxd4 17. Rac1 Rd8 18. Rc7 h6 19. Bxf6 gxf6 20. Rxb7 Bc5 21. Nd7+ Rxd7 22. Rxd7 Kg7 23. h3 Bf5 24. Rc7 Bd4 25. b3 Rd8 26.
a4 Be5 27. Rcc1 Rd2 28. a5 Bd4 29. a6 Ra2 30. Bc4 Rb2 31. Rcd1 Bc5 32. Ra1 Ba7 33.
Rad1 Bc5 34. Rd7 Kg6 35. a7 Ra2 36. b4 Rxa7 37. Rxa7 Bxa7 38. b5 Be4 39. Ra1 Bc5 40. Ra4 Bb7 41. Bd3+ f5 42. g4 Kf6 43. gxf5 exf5 44. Rf4 Bc8 45. Rc4 1-0

[Event "Late-Titled-Tuesday-Blitz-January-16-2024"]
[Site "Chess.com"]
[Date "2024.01.16"]
[Round "4"]
[White "waltereador"]
[Black "gxbg2000"]
[Result "1-0"]
[WhiteElo "2269"]
[BlackElo "2074"]
[TimeControl "180+1"]
[EndTime "14:36:59 PST"]
[Termination "waltereador won by checkmate"]

1. e4 e6 2. d4 d5 3. exd5 exd5 4. h3 Be6 5. Nf3 Nf6 6. Bd3 Be7 7. O-O Nbd7 8. c3 c6 9. Bf4 O-O 10. Nbd2 Re8 11. Re1 Nf8 12. Qb3 b5 13. a4 a6 14.
axb5 axb5 15. Ne5 Qb6 16. g4 Ng6 17. Nxg6 hxg6 18. Nf3 Bf8 19. Ne5 Rxa1 20. Rxa1 Ne4 21. Kg2 g5 22. Be3 Bd6 23. Nf3 Bf4 24. Bxf4 gxf4 25. Ne5 Rb8 26. Qd1 c5 27. Qf3 cxd4 28. cxd4 Qxd4 29. Nc6 Qxb2 30. Rb1 Qf6 31. Nxb8 Nd2 32.
Qd1 f3+ 33. Kg1 Nxb1 34. Qxb1 Qc3 35. Qxb5 Qe1+ 36. Bf1 d4 37. Nc6 Bd7 38. Qb8+ Kh7 39. Nxd4 Qd1 40. Qf4 Bc8 41. Nxf3 Ba6 42. Qf5+ Kg8 43.
Nh2 g6 44. Qe4 Bxf1 45. Nxf1 Qb3 46. Qe3 Qc2 47. Kg2 Qc6+ 48. Qf3 Qc1 49. Ne3 Kg7 50. Nd5 Qg5 51. Qc3+ Kf8 52. Qh8# 1-0

[Event "Late-Titled-Tuesday-Blitz-January-16-2024"]
[Site "Chess.com"]
[Date "2024.01.16"]
[Round "4"]
[White "FairChess_on_YouTube"]
[Black "Bauman_Guy"]
[Result "1-0"]
[WhiteElo "3103"]
[BlackElo "2905"]
[TimeControl "180+1"]
[EndTime "14:37:01 PST"]
[Termination "FairChess_on_YouTube won by resignation"]

1. Nf3 d5 2. g3 c6 3. Bg2 Bg4 4. c4 Nd7 5. cxd5 cxd5 6. Nc3 e6 7. O-O Ngf6 8. d3 Bd6 9. e4 O-O 10. h3 Bh5 11. exd5 Nxd5 12. Nxd5 exd5 13. Qb3 Nb6 14. Be3 Re8 15. Rfe1 Rc8 16. a4 Bc5 17. Bxc5 Rxe1+ 18. Nxe1 Rxc5 19. a5 Nc8 20. Qxb7 h6 21. b4 Rc7 22. Qxd5 Qf6 23. d4 Bg6 24. Qe5 Qd8 25.
b5 Re7 26. Qd5 Rd7 27. Qa8 Kh7 28. Rc1 Rc7 29. Rxc7 Qxc7 30. Nf3 Bd3 31. Qc6 Qxc6 32. bxc6 f6 33. d5 Kg8 34. Nd4 Kf7 35. Bf1 Be4 36. Ba6 Nd6 37. c7 Ke7 38. Nb5 1-0

[Event "Late-Titled-Tuesday-Blitz-January-16-2024"]
[Site "Chess.com"]
[Date "2024.01.16"]
[Round "4"]
[White "Nouali_Mohamed"]
[Black "mbchess97"]
[Result "1-0"]
[WhiteElo "2549"]
[BlackElo "2396"]
[TimeControl "180+1"]
[EndTime "14:37:02 PST"]
[Termination "Nouali_Mohamed won on time"]

1. e4 c5 2. Nf3 d6 3. d4 cxd4 4.
Nxd4 Nf6 5. Nc3 Nc6 6. Bc4 Qb6 7.
Ndb5 a6 8. Be3 Qa5 9. Nd4 Nxe4 10. Qf3 Ne5 11. Bxf7+ Nxf7 12. Qxe4 e5 13. O-O-O Be7 14.
Nb3 Qd8 15. Nd5 O-O 16. Bb6 Qd7 17. h4 Bd8 18. g4 Qxg4 19. Qe3 Qe6 20. Bxd8 Nxd8 21.
Nc7 Qf7 22. Nxa8 Bg4 23. Rxd6 Nc6 24. Nb6 Bf3 25. Rg1 Nb4 26. Qxe5 Nc6 27. Qg3 1-0

[Event "Late-Titled-Tuesday-Blitz-January-16-2024"]
[Site "Chess.com"]
[Date "2024.01.16"]
[Round "4"]
[White "LikeWater"]
[Black "SanchezKelvin"]
[Result "1-0"]
[WhiteElo "2803"]
[BlackElo "2577"]
[TimeControl "180+1"]
[EndTime "14:37:04 PST"]
[Termination "LikeWater won by resignation"]

1. d4 Nf6 2. e3 d5 3. Bd3 c5 4. c3 Nc6 5. dxc5 e5 6. b4 a5 7. b5 Nb8 8. Ba3 Nfd7 9. c4 Nxc5 10. Be2 Be6 11. Nf3 f6 12. O-O dxc4 13. Qc2 Nd3 14. Bxf8 Rxf8 15. Nfd2 Nb4 16. Qxh7 c3 17. Nxc3 Qxd2 18.
Bh5+ Bf7 19. Ne4 Qd7 20. Rfd1 Nd5 21. Rac1 Bxh5 22. Qxh5+ Ke7 23. Nc3 Rc8 24. Nxd5+ Ke6 25. Qg4+ Kf7 26. Qh5+ Ke6 27. Rxc8 Qxc8 28. Qg4+ 1-0

[Event "Late-Titled-Tuesday-Blitz-January-16-2024"]
[Site "Chess.com"]
[Date "2024.01.16"]
[Round "4"]
[White "anasta10"]
[Black "Goryachkina"]
[Result "1/2-1/2"]
[WhiteElo "2535"]
[BlackElo "2692"]
[TimeControl "180+1"]
[EndTime "14:37:08 PST"]
[Termination "Game drawn by repetition"]

1. Nf3 c5 2. g3 g6 3. Bg2 Bg7 4. O-O Nf6 5. c4 Nc6 6. Nc3 d6 7. b3 O-O 8. Bb2 e5 9. d3 Be6 10. a3 h6 11. Ne1 Qd7 12. Nc2 Bh3 13. b4 Bxg2 14. Kxg2 b6 15. b5 Ne7 16. e4 Nh7 17. a4 f5 18. f3 f4 19. g4 h5 20. h3 Kf7 21. Kf2 Ng5 22. Rh1 Rh8 23.
Qf1 Bf6 24. Ke2 Rh7 25. Qg2 Rah8 26. Rag1 Ne6 27. Kd1 Bh4 28. Ne2 a6 29. Bc3 a5 30. Kc1 Bf6 31. Kb2 Qc8 32. Nc1 Bh4 33. Ne2 Bf6 34. Nc1 Bh4 35. Ne2 Bf6 1/2-1/2

[Event "Late-Titled-Tuesday-Blitz-January-16-2024"]
[Site "Chess.com"]
[Date "2024.01.16"]
[Round "4"]
[White "Langua_Chess"]
[Black "Navyblue1"]
[Result "1-0"]
[WhiteElo "2458"]
[BlackElo "2190"]
[TimeControl "180+1"]
[EndTime "14:37:08 PST"]
[Termination "Langua_Chess won on time"]

1. e4 c5 2. Nf3 d6 3. d4 cxd4 4. Nxd4 Nf6 5. Nc3 a6 6. Rg1 e5 7. Nb3 h5 8. h3 Be6 9. g4 hxg4 10. hxg4 Nc6 11. g5 Nd7 12. Nd5 Bxd5 13. exd5 Ne7 14. c4 Rc8 15. Bd3 g6 16. Qg4 Bg7 17. Be3 Qc7 18. Nd2 Nc5 19. Bc2 a5 20. Ke2 Qd7 21. Qf3 Nf5 22. Rab1 Nxe3 23. Qxe3 Rh3 24. Rg3 Rxg3 25.
Qxg3 Ke7 26. Rh1 Rh8 27. Rxh8 Bxh8 28. Nf1 Bg7 29. Ne3 Qe8 30. b3 Qh8 31. Qg4 Qh1 32. Bd1 Qe4 33. Qc8 Qb1 34. Qc7+ Nd7 35. c5 Qxa2+ 36. Kf1 dxc5 37. d6+ Ke6 38. Be2 1-0

[Event "Late-Titled-Tuesday-Blitz-January-16-2024"]
[Site "Chess.com"]
[Date "2024.01.16"]
[Round "4"]
[White "wanyaland"]
[Black "SEBAZZANO"]
[Result "1-0"]
[WhiteElo "2476"]
[BlackElo "2237"]
[TimeControl "180+1"]
[EndTime "14:37:10 PST"]
[Termination "wanyaland won on time"]

1. d4 Nf6 2. c4 c5 3. d5 e6 4. Nc3 exd5 5. cxd5 d6 6. g3 g6 7. Bg2 Bg7 8. Nf3 O-O 9. O-O a6 10. a4 Re8 11. Nd2 Nbd7 12. a5 Ne5 13. h3 Nh5 14.
Kh2 f5 15. f4 Nf7 16. Nc4 Bd7 17. Ra3 Bb5 18. Nb6 Rb8 19. Re1 Bd4 20. e3 Bg7 21. e4 fxe4 22. Nxe4 Nf6 23. Ng5 Nxg5 24.
fxg5 Nh5 25. Re6 Be5 26. Qg4 Rf8 27. Rxe5 dxe5 28. Qe6+ Kg7 29. Qxe5+ Kg8 30. Qe6+ Kg7 31. g4 Re8 32. gxh5 Rxe6 33. h6+ Kg8 34. dxe6 Qd6+ 35.
Rg3 Re8 36. Bd5 Bc6 37. Bc4 Bd5 38. Bxd5 Re7 39. Bd2 Kf8 40. Kg2 1-0

[Event "Late-Titled-Tuesday-Blitz-January-16-2024"]
[Site "Chess.com"]
[Date "2024.01.16"]
[Round "4"]
[White "chika-lily"]
[Black "sergeikim"]
[Result "1-0"]
[WhiteElo "2764"]
[BlackElo "2569"]
[TimeControl "180+1"]
[EndTime "14:37:12 PST"]
[Termination "chika-lily won by resignation"]

1. d4 Nf6 2. Nf3 g6 3. Bf4 d6 4. h3 Bg7 5. e3 O-O 6. Be2 Nbd7 7. O-O b6 8. c4 Bb7 9. Nc3 Ne4 10.
Rc1 Nxc3 11. Rxc3 e5 12. Bh2 Qe7 13. d5 a5 14. b3 f5 15. a3 g5 16. Rc2 Kh8 17.
b4 Rg8 18. Nd2 Bf6 19. e4 f4 20. Bg4 Nf8 21. c5 Bc8 22. cxd6 Qxd6 23. Rc6 Qd8 24. Qc2 Bxg4 25. hxg4 Rg7 26. Rc1 Ra7 27. Nc4 axb4 28.
axb4 Rd7 29. d6 cxd6 30. Nxb6 Rdb7 31. Nd5 Bg7 32. f3 Qd7 33. Rc8 Qf7 34. Qc6 Rd7 35. b5 h5 36. gxh5 Qxh5 37. b6 Rab7 38. Rxf8+ Bxf8 39. Nf6 Qf7 40. Nxd7 Qxd7 41. Qxd7 Rxd7 42. Rc7 Rd8 43. b7 Rb8 44. Kf1 Kg8 45. Bg1 1-0

[Event "Late-Titled-Tuesday-Blitz-January-16-2024"]
[Site "Chess.com"]
[Date "2024.01.16"]
[Round "4"]
[White "wild3000"]
[Black "HaryKane"]
[Result "1-0"]
[WhiteElo "2382"]
[BlackElo "2545"]
[TimeControl "180+1"]
[EndTime "14:37:13 PST"]
[Termination "wild3000 won by resignation"]

1. g3 e6 2. Bg2 d5 3. d4 f5 4. c4 Nf6 5. Nc3 c6 6. Bg5 Bd6 7. Nf3 O-O 8. O-O h6 9. Bxf6 Qxf6 10.
e3 b6 11. a4 Ba6 12. Nd2 Nd7 13. Re1 g5 14. cxd5 exd5 15. a5 f4 16. exf4 gxf4 17. Qg4+ Kh8 18. Qxd7 fxg3 19. f3 Qxd4+ 20. Kh1 Rad8 21.
Qxa7 Qxd2 22. Qxa6 Qg5 23. h3 Rxf3 24. Qxb6 Rf2 25.
a6 Rdf8 26. Qd4+ Kh7 27. Rf1 Rxf1+ 28. Rxf1 Rxf1+ 29. Bxf1 g2+ 30. Bxg2 Qg3 31. Kg1 Qe1+ 32. Bf1 Qg3+ 33. Bg2 Bf4 34. Kf1 c5 35. Qxd5 Bg5 36. Ne2 Qe3 37. Qe4+ 1-0

[Event "Late-Titled-Tuesday-Blitz-January-16-2024"]
[Site "Chess.com"]
[Date "2024.01.16"]
[Round "4"]
[White "WilliamAlfaroCaracas"]
[Black "LastHeroJr"]
[Result "1-0"]
[WhiteElo "2245"]
[BlackElo "2442"]
[TimeControl "180+1"]
[EndTime "14:37:13 PST"]
[Termination "WilliamAlfaroCaracas won on time"]

1. c4 e5 2. Nc3 Nf6 3. Nf3 Nc6 4. d4 exd4 5. Nxd4 Bc5 6. e3 O-O 7. Be2 Re8 8. O-O a6 9. a3 h6 10. b4 Ba7 11. Nf3 d6 12. Bb2 Bf5 13. Rc1 Ne4 14. Nd5 Ne7 15. Nf4 Ng6 16. Nh5 Ne5 17.
Nd4 Bh7 18. f4 Nd7 19. Nxg7 Rf8 20. Nh5 Qe7 21. Kh1 f5 22. c5 d5 23. c6 bxc6 24.
Nxc6 Qd6 25. Nxa7 Rxa7 26. Qd4 Qg6 27. Qxa7 Qxh5 28. Bxh5 1-0

[Event "Late-Titled-Tuesday-Blitz-January-16-2024"]
[Site "Chess.com"]
[Date "2024.01.16"]
[Round "4"]
[White "Heinza9"]
[Black "ccccvhhhj"]
[Result "0-1"]
[WhiteElo "2331"]
[BlackElo "2522"]
[TimeControl "180+1"]
[EndTime "14:37:15 PST"]
[Termination "ccccvhhhj won on time"]

1. e4 e6 2. c4 d5 3. cxd5 exd5 4. exd5 Nf6 5. Bb5+ Bd7 6. Bc4 Bd6 7. Nc3 O-O 8.
Nge2 Na6 9. h3 Nc5 10. d4 Nce4 11. O-O h6 12. Bf4 Re8 13. Bxd6 Nxd6 14. Bb3 Nfe4 15.
Nxe4 Nxe4 16. Nc3 Bf5 17. Qf3 Qg5 18. h4 Qg6 19. h5 Qg5 20. d6 Nd2 21. Qxb7 Nxf1 22.
Rxf1 Qxh5 23. dxc7 Rac8 24. d5 Qg6 25. d6 Qxd6 26.
Nb5 Qg6 27. Bd5 Bd3 28. Rd1 Bxb5 29. Qxb5 Qb6 30. Qd7 Rf8 31. Bxf7+ Kh7 32. Qf5+ Kh8 33. Rd8 Rcxd8 34. cxd8=Q Qxd8 35. Qg6 Qd4 36. Kh2 Qf4+ 0-1

[Event "Late-Titled-Tuesday-Blitz-January-16-2024"]
[Site "Chess.com"]
[Date "2024.01.16"]
[Round "4"]
[White "vova-79"]
[Black "dmitrijiIM"]
[Result "0-1"]
[WhiteElo "2608"]
[BlackElo "2879"]
[TimeControl "180+1"]
[EndTime "14:37:16 PST"]
[Termination "dmitrijiIM won by checkmate"]

1. d4 Nf6 2. c4 e6 3. Nc3 d5 4. Nf3 h6 5. cxd5 exd5 6. Bf4 Bd6 7. Bg3 O-O 8. e3 Bxg3 9. hxg3 Re8 10. Qc2 a5 11. Bd3 c6 12. a3 Be6 13. O-O Nbd7 14.
b4 b5 15. e4 dxe4 16. Nxe4 Bd5 17. Nd6 Re6 18. Nb7 Qb6 19. Nxa5 Ne4 20. Rfe1 Rae8 21.
Rac1 g5 22. Bxe4 Bxe4 23. Qc3 Bd5 24. Rxe6 Rxe6 25. Re1 Rf6 26. Ne5 Nxe5 27. Rxe5 Kg7 28. Qc5 Qd8 29. Nb7 Qd7 30. Na5 Qg4 31. Re1 Qf5 32. Re2 Qb1+ 33. Kh2 Qf1 34. Qc2 Qxg2# 0-1

[Event "Late-Titled-Tuesday-Blitz-January-16-2024"]
[Site "Chess.com"]
[Date "2024.01.16"]
[Round "4"]
[White "HalfIsCrayfish"]
[Black "Balla_Tamas"]
[Result "1-0"]
[WhiteElo "2610"]
[BlackElo "2457"]
[TimeControl "180+1"]
[EndTime "14:37:17 PST"]
[Termination "HalfIsCrayfish won by resignation"]

1. d4 d5 2. c4 e6 3. Nc3 c5 4. cxd5 exd5 5. Nf3 Nc6 6. Bg5 Be7 7. Bxe7 Ngxe7 8. e3 O-O 9. Bd3 cxd4 10. exd4 Bf5 11.
O-O Bxd3 12. Qxd3 Ng6 13. Rfe1 Qd7 14. Ne5 Ngxe5 15. dxe5 d4 16. Nb5 Rad8 17. f4 Nb4 18.
Qc4 Nc2 19. Qxc2 Qxb5 20. Qb3 Qa6 21. Rad1 d3 22. Rd2 Rd4 23. g3 Rfd8 24. e6 fxe6 25. Rxe6 Qc4 26. Rxd3 Qxb3 27. Rxb3 Rd1+ 28. Kg2 R8d2+ 29.
Kh3 Rh1 30. Rxb7 Rhxh2+ 31. Kg4 h5+ 32. Kf5 Rxb2 33. Kg6 Rhe2 34. Rxe2 1-0

[Event "Late-Titled-Tuesday-Blitz-January-16-2024"]
[Site "Chess.com"]
[Date "2024.01.16"]
[Round "4"]
[White "chessisveryfun1264"]
[Black "krzyzan94"]
[Result "0-1"]
[WhiteElo "2582"]
[BlackElo "2820"]
[TimeControl "180+1"]
[EndTime "14:37:18 PST"]
[Termination "krzyzan94 won by resignation"]

1. Nf3 Nf6 2. b3 g6 3. Bb2 Bg7 4. c4 O-O 5. g3 c5 6. Bg2 Nc6 7.
O-O d6 8. d4 cxd4 9. Nxd4 Nxd4 10. Qxd4 Qa5 11. Nc3 Ne8 12. Qd2 Nc7 13. Rfd1 Qh5 14.
Rac1 Rb8 15. e4 Bh3 16. Nd5 Nxd5 17. Bxg7 Bxg2 18. Kxg2 Nf4+ 19. Qxf4 Kxg7 20. Rd5 Qh6 21. e5 Qxf4 22. gxf4 dxe5 23. fxe5 Rfc8 24. Rd7 Kf8 25.
Rcd1 Ke8 26. f4 Rc6 27. Kf3 a5 28. Ke4 a4 29. h4 axb3 30. axb3 Rb6 31. R7d3 f6 32.
h5 Kf7 33. hxg6+ hxg6 34. Rh1 Ke6 35. Rh6 Rg8 36. Rg3 f5+ 37. Kd4 Kf7 38. Rg5 Rxb3 39. Rh7+ Rg7 40. e6+ Kf6 41. Rh8 Kxe6 42. Rf8 Rf3 43.
Kc5 Rxf4 44. Rb8 Kf6 45. Rg1 g5 46. Rxb7 g4 47. Kd5 e6+ 48. Kc6 Rxc4+ 49. Kb5 Rxb7+ 50. Kxc4 Rd7 0-1

[Event "Late-Titled-Tuesday-Blitz-January-16-2024"]
[Site "Chess.com"]
[Date "2024.01.16"]
[Round "4"]
[White "Quattroporte300"]
[Black "yaguigor"]
[Result "0-1"]
[WhiteElo "2406"]
[BlackElo "2625"]
[TimeControl "180+1"]
[EndTime "14:37:18 PST"]
[Termination "yaguigor won on time"]

1. e4 Nc6 2. d4 e5 3. d5 Nce7 4. Nc3 Nf6 5. f3 Ng6 6. Be3 Bb4 7. Qd2 d6 8. Bb5+ Bd7 9. Bxd7+ Nxd7 10. a3 Ba5 11. Nge2 O-O 12. Qd3 Bb6 13. O-O-O Nc5 14. Qd2 Qd7 15. g4 Nh4 16. Rdf1 Na4 17. Nxa4 Bxe3 18.
Qxe3 Qxa4 19. Nc3 Qc4 20. Qf2 Ng6 21. h4 Nf4 22. h5 h6 23. Rfg1 f6 24. Qf1 Qc5 25.
Kb1 c6 26. dxc6 bxc6 27. Ne2 Ne6 28. Nc1 d5 29. Nb3 Qb6 30. Qd3 Nf4 31. Qd2 a5 32. Rd1 Rfb8 33. c3 Qxb3 34. exd5 cxd5 35. Rhe1 Qxa3 36.
Qc2 Qc5 37. Rd2 a4 38. Ka2 Qc4+ 39. Ka1 Rb3 40. Red1 a3 0-1

[Event "Late-Titled-Tuesday-Blitz-January-16-2024"]
[Site "Chess.com"]
[Date "2024.01.16"]
[Round "4"]
[White "IraZyne"]
[Black "SmirnovTimofey2000"]
[Result "1-0"]
[WhiteElo "2251"]
[BlackElo "1980"]
[TimeControl "180+1"]
[EndTime "14:37:19 PST"]
[Termination "IraZyne won on time"]

1. e4 e5 2. Bc4 Nf6 3. d3 Nc6 4. Nf3 Bc5 5. O-O d6 6. h3 h6 7. c3 a6 8. Nbd2 O-O 9. a4 a5 10. Nb3 Ba7 11. Re1 Be6 12. Bb5 Ne7 13. Be3 Bxe3 14.
fxe3 c6 15. Bc4 Bxc4 16. dxc4 Nxe4 17. c5 Ng6 18. Qd3 d5 19. Rad1 Nf6 20. Qc2 Qe7 21. Qf2 Ne4 22. Qc2 Nxc5 23. c4 Nxb3 24. Qxb3 dxc4 25.
Qxc4 Qb4 26. Qc2 Rad8 27. b3 e4 28. Nd4 Ne5 29. Rf1 Nd3 30. Qe2 Qd6 31. Nf5 Qg6 32.
Ne7+ Kh8 33. Nxg6+ fxg6 34. Qg4 g5 35. Qxe4 Rxf1+ 36.
Rxf1 Nc5 37. Qe7 1-0

[Event "Late-Titled-Tuesday-Blitz-January-16-2024"]
[Site "Chess.com"]
[Date "2024.01.16"]
[Round "4"]
[White "aa175"]
[Black "Redzishchess"]
[Result "1-0"]
[WhiteElo "2678"]
[BlackElo "2463"]
[TimeControl "180+1"]
[EndTime "14:37:20 PST"]
[Termination "aa175 won on time"]

1. d4 Nf6 2. Bf4 d6 3. e3 g6 4. Nf3 Bg7 5. Bd3 b6 6. h4 Bb7 7. Nbd2 Nbd7 8. Qe2 c5 9. c3 h5 10. Ng5 O-O 11. f3 e5 12. dxe5 Nxe5 13. Bxe5 dxe5 14.
O-O-O Qe7 15. Nde4 Rad8 16. Nxf6+ Bxf6 17. Ne4 Bxe4 18. Bxe4 Rxd1+ 19. Kxd1 Rd8+ 20. Kc2 Qe6 21. b3 Bg7 22. g4 f5 23. gxf5 gxf5 24. Bd3 Qf6 25. Rg1 e4 26. Bc4+ Kh8 27. Rxg7 Kxg7 28. fxe4 fxe4 29. Qxh5 Qf2+ 30. Kc1 Qe1+ 31. Kb2 Rd2+ 32. Ka3 Qc1+ 33. Ka4 Rxa2+ 34. Kb5 Qd2 35. Qg5+ Kf8 36. Qf6+ Ke8 37. Bf7+ Kf8 38. Bg6+ Kg8 39. Qf7+ Kh8 40. Kc6 1-0

[Event "Late-Titled-Tuesday-Blitz-January-16-2024"]
[Site "Chess.com"]
[Date "2024.01.16"]
[Round "4"]
[White "RamyresCoelho"]
[Black "Arteler"]
[Result "0-1"]
[WhiteElo "2259"]
[BlackElo "2485"]
[TimeControl "180+1"]
[EndTime "14:37:21 PST"]
[Termination "Arteler won by checkmate"]

1. e4 e6 2. d4 d5 3. Nc3 Bb4 4.
e5 c5 5. a3 Ba5 6. Qg4 g6 7.
Nf3 Ne7 8. Bb5+ Bd7 9. O-O Bxc3 10.
Bxd7+ Nxd7 11. bxc3 h5 12. Qf4 Nf5 13. a4 b6 14. Ba3 Rc8 15. a5 O-O 16. axb6 axb6 17. h3 f6 18. exf6 Qxf6 19. Qg5 Ra8 20. Qxf6 Rxf6 21.
dxc5 bxc5 22. Bb2 Rff8 23. Ng5 e5 24. Rfd1 Ne7 25. Rxa8 Rxa8 26. Ra1 Rxa1+ 27. Bxa1 Kg7 28. c4 d4 29. c3 Kf6 30. Ne4+ Kf5 31. f3 Nc6 32.
Kf2 Na5 33. g4+ Ke6 34. gxh5 gxh5 35. cxd4 exd4 36. Nd2 Ne5 37. Ne4 Nb3 38. Nxc5+ Nxc5 39. Bxd4 Nb3 40. Bxe5 Kxe5 41. Kg3 Kf5 42. Kh4 Kg6 43. f4 Nd4 44. c5 Nf5# 0-1

[Event "Late-Titled-Tuesday-Blitz-January-16-2024"]
[Site "Chess.com"]
[Date "2024.01.16"]
[Round "4"]
[White "GlavkonVVS"]
[Black "Verony64"]
[Result "1-0"]
[WhiteElo "2450"]
[BlackElo "2176"]
[TimeControl "180+1"]
[EndTime "14:37:21 PST"]
[Termination "GlavkonVVS won by resignation"]

1. c4 e5 2. Nc3 d6 3. g3 f5 4.
Bg2 Nf6 5. d3 c6 6. Rb1 Be7 7. b4 O-O 8. b5 Qe8 9. bxc6 bxc6 10. Ba3 Be6 11. Nf3 h6 12. Rb7 Nbd7 13. O-O Qh5 14. Nxe5 Nxe5 15. Rxe7 Rae8 16. Bxd6 Rxe7 17.
Bxe7 Re8 18. Bxf6 gxf6 19. e3 Qf7 20. Qc2 Rd8 21. Rd1 Qd7 22. Ne2 Nxc4 23. Nd4 Ne5 24.
Nxe6 Qxe6 25. d4 Nc4 26. Bh3 Nxe3 27. fxe3 Qxe3+ 28. Qf2 Qxf2+ 29. Kxf2 c5 30. d5 Rd6 31. Bxf5 Kf8 32. Be6 Ke7 33. Ke3 c4 34. Rc1 Ra6 35.
Rc2 Ra3+ 36. Kd4 Kd6 37. Kxc4 Rf3 38. a4 Ra3 39. Kb4 Ra1 40. Rc6+ Ke5 41. Rc7 Rb1+ 42. Ka5 1-0

[Event "Late-Titled-Tuesday-Blitz-January-16-2024"]
[Site "Chess.com"]
[Date "2024.01.16"]
[Round "4"]
[White "Roedor"]
[Black "j_coca"]
[Result "0-1"]
[WhiteElo "2358"]
[BlackElo "2534"]
[TimeControl "180+1"]
[EndTime "14:37:22 PST"]
[Termination "j_coca won on time"]

1. Nf3 g6 2. c4 Bg7 3. g3 f5 4.
Bg2 Nh6 5. O-O O-O 6. d4 Kh8 7.
Nc3 d6 8. e4 Nc6 9. d5 Ne5 10.
Nxe5 dxe5 11. c5 f4 12. d6 exd6 13. cxd6 Qxd6 14. Qxd6 cxd6 15. Nb5 Rf6 16. Rd1 Bf8 17. Nc7 Rb8 18. gxf4 exf4 19. Bd2 Kg8 20. Bc3 Rf7 21.
Nd5 f3 22. Bf1 Bg7 23. Bc4 Be6 24. Bb4 Be5 25. Bb3 Kg7 26. Ne3 Bxb3 27. axb3 Rd7 28. Rxa7 Nf7 29. Nc4 Rbd8 30. Rd3 Ng5 31. h4 Nxe4 32.
Rxf3 Bxb2 33. Nxb2 d5 34. Rd3 Kf6 35. f3 Ng3 36. Bc3+ Kf5 37. Ra5 Ne2+ 38. Kf2 Nf4 39. Rd4 h6 40. Nd3 Ne6 41. Rg4 h5 42. Rg1 g5 43.
hxg5 Nxg5 44. Ne5 Rc7 45. Rc1 Rdc8 46. Rxd5 Rxc3 47. Rxc3 Rxc3 48. Nc4+ Kg6 49. Rb5 h4 50. Kg2 h3+ 51. Kg3 Rxf3+ 52. Kh2 Rf2+ 53. Kh1 Ne4 54. Rb6+ Kg5 0-1

[Event "Late-Titled-Tuesday-Blitz-January-16-2024"]
[Site "Chess.com"]
[Date "2024.01.16"]
[Round "4"]
[White "Korchmar_Vasiliy"]
[Black "DishonorOnYourCow"]
[Result "1-0"]
[WhiteElo "2730"]
[BlackElo "2550"]
[TimeControl "180+1"]
[EndTime "14:37:23 PST"]
[Termination "Korchmar_Vasiliy won by resignation"]

1. e4 c5 2. d4 cxd4 3. Qxd4 Nc6 4. Qd3 g6 5. Nc3 Bg7 6. Nf3 d6 7. Be2 Nf6 8. O-O O-O 9. Nd5 Bg4 10.
c3 Nd7 11. Bg5 h6 12. Bh4 g5 13. Bg3 Nde5 14. Nxe5 Nxe5 15. Qd2 Bxe2 16. Qxe2 Ng6 17. f4 e6 18. Ne3 gxf4 19. Bxf4 Nxf4 20. Rxf4 Kh7 21.
Raf1 Qe7 22. Qh5 f6 23. Ng4 Rf7 24. R1f3 f5 25. exf5 exf5 26. Rxf5 Rxf5 27. Qxf5+ Kh8 28. Qf7 Re8 29. Qxe7 Rxe7 30. Kf2 Kg8 31. Ne3 Be5 32. Nc4 b5 33. Nxe5 dxe5 34. Ke3 Kg7 35. Ke4 Kg6 36. Rf5 Rd7 37. Rxe5 Rd2 38. Rxb5 Rxg2 39. h3 Rh2 40. c4 Rxh3 41. c5 Rh2 42. c6 Rc2 43. Kd5 Rd2+ 44. Ke6 Rc2 45. Kd6 h5 46. c7 h4 47. Rc5 Rd2+ 48. Kc6 Rxb2 49. c8=Q Rb6+ 50.
Kd5 1-0

[Event "Late-Titled-Tuesday-Blitz-January-16-2024"]
[Site "Chess.com"]
[Date "2024.01.16"]
[Round "4"]
[White "PepeCuenca"]
[Black "SandwichOSaumon"]
[Result "1-0"]
[WhiteElo "2685"]
[BlackElo "2504"]
[TimeControl "180+1"]
[EndTime "14:37:24 PST"]
[Termination "PepeCuenca won by resignation"]

1. d4 Nf6 2. Bf4 c5 3. e3 d5 4. dxc5 Nc6 5. Bb5 Ne4 6. b4 g5 7. Be5 f6 8. Bb2 g4 9. Nd2 Bf5 10. Ne2 Bh6 11. Ng3 Nxg3 12. hxg3 Bg5 13. c4 O-O 14. cxd5 Nxb4 15. e4 Bg6 16. a3 Na6 17.
Bxa6 bxa6 18. O-O Qa5 19. Nb3 Qa4 20. Nd4 Qxd1 21. Rfxd1 Rfb8 22. Bc3 Bxe4 23. Ne6 Rb3 24. Bb4 Bc2 25. Rd4 Rd3 26. Rxd3 Bxd3 27. d6 exd6 28. cxd6 Bf5 29. Nc7 Rd8 30. Nxa6 Kf7 31. Re1 Rd7 32.
Nb8 Rb7 33. Nc6 Bh6 34. Nd8+ 1-0

[Event "Late-Titled-Tuesday-Blitz-January-16-2024"]
[Site "Chess.com"]
[Date "2024.01.16"]
[Round "4"]
[White "MikaelyanArman"]
[Black "only_strong_moves"]
[Result "1-0"]
[WhiteElo "2855"]
[BlackElo "2557"]
[TimeControl "180+1"]
[EndTime "14:37:25 PST"]
[Termination "MikaelyanArman won by checkmate"]

1. d4 Nf6 2. c4 e6 3. Nc3 Bb4 4. Qb3 Nc6 5. e3 O-O 6. Nf3 Re8 7.
Bd2 b6 8. d5 Bxc3 9. Bxc3 Na5 10. Qd1 d6 11. b4 Nb7 12. Be2 a5 13. a3 axb4 14. axb4 Rxa1 15. Bxa1 b5 16. dxe6 Bxe6 17. cxb5 Nd5 18. O-O f6 19. Bc4 Nb6 20. Bxe6+ Rxe6 21. Nd4 Re8 22. Qf3 d5 23. Nc6 Qd6 24. Bd4 Nc4 25. Rd1 Re4 26. h3 Na3 27. Ra1 Nxb5 28. Ra8+ Kf7 29.
Qh5+ g6 30. Qxh7+ Ke6 31. Re8+ Kf5 32. Ne7+ Rxe7 33. Rxe7 Nxd4 34. exd4 Qf4 35. g4+ Kg5 36. h4+ Kxg4 37. Qxg6+ Kf3 38. Qg2# 1-0

[Event "Late-Titled-Tuesday-Blitz-January-16-2024"]
[Site "Chess.com"]
[Date "2024.01.16"]
[Round "4"]
[White "tdf98pantani"]
[Black "Petukhov_Dmitry"]
[Result "0-1"]
[WhiteElo "2684"]
[BlackElo "2542"]
[TimeControl "180+1"]
[EndTime "14:37:25 PST"]
[Termination "Petukhov_Dmitry won by resignation"]

1. c4 Nf6 2. d4 g6 3. g3 Bg7 4.
Bg2 O-O 5. Nc3 c6 6. d5 cxd5 7. cxd5 e6 8. Nf3 exd5 9. O-O d6 10. Bg5 Qa5 11. a3 Be6 12. Nd4 Nc6 13. b4 Qb6 14.
e3 Nxd4 15. exd4 Ne4 16. Nxe4 dxe4 17. d5 Bf5 18. Rc1 Bb2 19. Rb1 Qd4 20. Qe2 Bxa3 21.
Rfd1 Qc3 22. g4 Bd7 23. Bd2 Qe5 24. Rb3 Bb2 25. Bh6 Bd4 26. Bxf8 Rxf8 27. Qxe4 Qxe4 28. Bxe4 Ba4 29. Rxd4 Bxb3 30. Rd3 Bc2 31. Re3 Bxe4 32. Rxe4 Rc8 33. Re7 Rc4 34. Rxb7 Rxg4+ 35. Kf1 Rd4 36. Ke2 Rxd5 37. Rxa7 Rh5 38. Rd7 Rxh2 39. b5 Rh1 40. b6 Rb1 41. b7 Kg7 42. Kd3 h5 43. Kc2 Rb6 0-1